 Dungeon Crawl Stone Soup version 0.16.1-5-gaa23807 (console) character file.

27 gw the Magician (level 3, -2/18 HPs)
             Began as a Kobold Wizard on Mar 29, 2015.
             Slain by a worm (4 damage)
             ... on level 1 of the Dungeon.
             The game lasted 00:01:42 (1984 turns).

gw the Magician (Kobold Wizard)                     Turns: 1984, Time: 00:01:42

Health: -2/18      AC:  6    Str:  3    XL:     3   Next: 25%
Magic:  0/8        EV: 10    Int: 17    God:
Gold:   23         SH:  6    Dex: 12    Spells: 2 memorised, 5 levels left

rFire  . . .     SeeInvis .     b - +1 dagger
rCold  . . .     Rnd*Rage +     o - +0 leather armour
rNeg   . . .     SustAb   .     a - +0 shield
rPois  .         Gourm    .     m - +0 helmet
rElec  .         Spirit   .     (no cloak)
rCorr  .         Warding  .     h - +1 pair of gloves
rMut   .         Stasis   .     (no boots)
MR     .....                    (no amulet)
Stlth  +.........               (no ring)
                                (no ring)

@: contaminated, glowing, not resistant to hostile enchantments, very unstealthy
A: berserk 1, carnivore 3, clumsy 1, frail 1, weak 1
a: no special abilities


You were on level 1 of the Dungeon.
You were very full.

You visited 1 branch of the dungeon, and saw 2 of its levels.

You collected 23 gold pieces.

Inventory:

Hand weapons
 b - a +1 dagger (weapon)
Missiles
 i - 32 stones (quivered)
Armour
 a - a +0 shield (worn)
 h - a +1 pair of gloves (worn)
 m - a +0 helmet (worn)
 o - a +0 leather armour (worn)
Scrolls
 e - a scroll of identify
Books
 c - a book of Minor Magic

   Spells                             Type                      Level
   a - Magic Dart                     Conjuration                  1
   b - Blink                          Translocation                2
   c - Call Imp                       Summoning                    2
   d - Repel Missiles                 Charms/Air                   2
   e - Slow                           Hexes                        2
   f - Conjure Flame                  Conjuration/Fire             3
   g - Mephitic Cloud                 Conjuration/Poison/Air       3
Comestibles
 d - 3 meat rations
 q - a beef jerky


   Skills:
 + Level 1.2 Fighting
 + Level 0.0 Short Blades
 + Level 2.8 Dodging
 - Level 2.6 Stealth
 + Level 0.2 Shields
 + Level 3.2 Spellcasting
 - Level 0.8 Conjurations
 * Level 1.5 Summonings
   Level 1.0 Translocations


You had 5 spell levels left.
You knew the following spells:

 Your Spells              Type           Power        Failure   Level  Hunger
a - Magic Dart            Conj           #...         98%         1    None
b - Call Imp              Summ           #.......     99%         2    ##.....


Dungeon Overview and Level Annotations

Branches:
Dungeon (2/15)

Altars:


Innate Abilities, Weirdness & Mutations

You are small and have problems with some larger weapons.
You are carnivorous and can eat meat at any time.
You tend to lose your temper in combat.
You are clumsy. (Dex -2)
You are frail (-10% HP).
You are weak. (Str -2)


Message History

Aim: a worm You miscast Magic Dart.
Strange energies run through your body. The worm bites you.
Casting: Magic Dart
Confirm with . or Enter, or press ? or * to list all spells.
Aiming: Magic Dart
Press: ? - help, Shift-Dir - straight line, f/p - worm
Aim: a worm You miscast Magic Dart.
Your skin glows momentarily.
KIIIITING; ATTACKING (-1,0)
You hit the worm.
The worm is lightly wounded.
The worm bites you. You block the worm's attack.
Casting: Magic Dart
Confirm with . or Enter, or press ? or * to list all spells.
Aiming: Magic Dart
Press: ? - help, Shift-Dir - straight line, f/p - worm
Aim: a worm (lightly wounded)
You miscast Magic Dart.
Your hair stands on end.
The worm bites you.
You die...

....#.# #..# ##### #.#.# .####.#
######..#####...###.#.# .# #.#
#................##....
.####.#####......................
.#.......##..#######.#.....####.#
.#.......##..# #.#....## #.#
.#.......##..#######.#...######.#
.#................##.#......[...#
.#.......##..##wKw...#...########
................#>.......#
##.......##..##.####.#.(##
####.#.###..........#..#
#.#.####............#
#.....#####.#######.#
#####.###.####...## #.# #.....#
#.........### #.#
#.###.###.##........# #.#


You could see 2 worms.

Table legend:
 A = Turns spent in this place as a percentage of turns spent in the entire game.
 B = Non-inter-level travel turns spent in this place as a percentage of non-inter-level travel turns spent in the entire game.
 C = Inter-level travel turns spent in this place as a percentage of turns spent in this place.
 D = Turns resting spent in this place as a percentage of non-inter-level travel turns spent in this place.
 E = Turns spent auto-exploring this place as a percentage of non-inter-level travel turns spent in this place.
 F = Non-inter-level travel turns spent in this place divided by the number of levels of this place that you've seen.
                   A       B       C       D       E      F
               +-------+-------+-------+-------+-------+----------------------
         Total | 100.0 | 100.0 |   1.0 |   3.4 |   2.7 | 958.0
       Dungeon | 100.0 | 100.0 |   1.0 |   3.4 |   2.7 | 958.0
               +-------+-------+-------+-------+-------+----------------------

Table legend:
 A = Kills in this place as a percentage of kills in entire the game.
 B = Kills by you in this place as a percentage of kills by you in the entire game.
 C = Kills by friends in this place as a percentage of kills by friends in the entire game.
 D = Other kills in this place as a percentage of other kills in the entire game.
 E = Experience gained in this place as a percentage of experience gained in the entire game.
 F = Experience gained in this place divided by the number of levels of this place that you have seen.
                   A       B       C       D       E      F
               +-------+-------+-------+-------+-------+----------------------
         Total | 100.0 | 100.0 |  -nan |  -nan | 100.0 |  19.5
       Dungeon | 100.0 | 100.0 |  -nan |  -nan | 100.0 |  19.5
               +-------+-------+-------+-------+-------+----------------------

Vanquished Creatures
  2 giant geckos (D:1)
  5 bats (D:1)
  3 goblins (D:1)
  4 hobgoblins (D:1)
  6 kobolds (D:1)
  A quokka (D:1)
  A giant cockroach (D:1)
  3 rats (D:1)
25 creatures vanquished.

Notes
Turn   | Place    | Note
--------------------------------------------------------------
     0 | D:1      | gw, the Kobold Wizard, began the quest for the Orb.
     0 | D:1      | Reached XP level 1. HP: 10/10 MP: 4/4
   194 | D:1      | Reached XP level 2. HP: 16/16 MP: 1/6
   246 | D:1      | Learned a level 2 spell: Call Imp
   340 | D:1      | Reached skill level 1 in Fighting
   885 | D:1      | Reached XP level 3. HP: 20/20 MP: 1/8
  1170 | D:1      | Gained mutation: You are clumsy. (Dex -2) [mutagenic glow]
  1464 | D:1      | Gained mutation: You are weak. (Str -2) [mutagenic glow]
  1550 | D:1      | Gained mutation: You are frail (-10% HP). [mutagenic glow]
  1624 | D:1      | Learned a level 2 spell: Call Imp
  1686 | D:1      | Gained mutation: You tend to lose your temper in combat. [mutagenic glow]
  1984 | D:1      | Slain by a worm

Action                   || total
-------------------------++-------
Melee: Unarmed           ||     1
       Dagger            ||    19
Throw: Stone             ||     3
 Cast: Magic Dart        ||    45
  Use: Scroll            ||    10
  Eat: Chunk             ||    10

Vault maps used:
D:1:      eino_arrival_druids_welcome, minmay_box_of_dots
D:2:      grunt_temple_overflow_open, lemuel_coloured_pillars_altar, first_bread
